 Dungeon Crawl Stone Soup version 0.28-a0-1292-gb4563b27b3 (webtiles) character file.

Game seed: 4798298277988687187

98 ChaosChampion the Insei (level 4, -1/28 HPs)
             Began as an Octopode Transmuter on Dec 27, 2021.
             Slain by a wyvern skeleton (15 damage)
             ... on level 3 of the Dungeon.
             The game lasted 00:04:43 (3477 turns).

ChaosChampion the Insei (Octopode Transmuter)       Turns: 3477, Time: 00:04:43

Health: -1/28      AC:  1    Str:  9    XL:     4   Next: 69%
Magic:  2/7        EV: 13    Int: 17    God:
Gold:   67         SH:  0    Dex: 12    Spells: 1/7 levels left

rFire   . . .      SeeInvis .     - Unarmed
rCold   . . .      Faith    .   (no shield)
rNeg    . . .      Spirit   .   (helmet restricted)
rPois   .          Reflect  .   (no amulet)
rElec   .          Harm     .   (no ring)
rCorr   .          Rampage  .   (no ring)
Will    .....                   (no ring)
Stlth   ++........              (no ring)
HPRegen 0.09/turn               (no ring)
MPRegen 0.10/turn               (no ring)
                                (no ring)
                                (no ring)

@: wereblooded
A: almost no armour, amphibious, 8 rings, camouflage 1, gelatinous body 1,
(nimble swimmer 1), tentacles
a: no special abilities


You were on level 3 of the Dungeon.
You visited 1 branch of the dungeon, and saw 3 of its levels.

You collected 67 gold pieces.

Inventory:

Magical Staves
 i - a staff of fire
 n - a staff of death
Jewellery
 e - a ring of fire
Scrolls
 a - a scroll of enchant weapon {unknown}
 c - 3 scrolls of identify {unknown}
 j - 2 scrolls of fear {unknown}
 m - a scroll of magic mapping {unknown}
Potions
 b - 2 potions of flight {unknown}
 d - 2 potions of curing {unknown}
 f - a potion of degeneration {unknown}
 g - a potion of might {unknown}
 h - 3 potions of berserk rage {unknown}
 k - a potion of attraction {unknown}
 l - a potion of ambrosia {unknown}


   Skills:
 - Level 1.0 Fighting
 - Level 2.0 Dodging
 * Level 4.7 Unarmed Combat
 - Level 2.0 Spellcasting
 + Level 3.0 Transmutations


You had one spell level left.
You knew the following spells:

 Your Spells              Type           Power      Damage    Failure   Level
a - Beastly Appendage     Tmut           24%        N/A       5%          1
b - Wereblood             Tmut           12%        N/A       9%          2
c - Spider Form           Tmut/Pois      6%         N/A       30%         3

Your spell library contained the following spells:

 Spells                   Type           Power      Damage    Failure   Level
 Sting                    Tmut/Pois      24%        1d4       11%         1
 Poisonous Vapours        Pois/Air       2%         N/A       28%         2
 Tukima's Dance           Hex            1%         N/A       50%         3
 Ice Form                 Ice/Tmut       6%         N/A       71%         4
 Olgreb's Toxic Radiance  Pois           1%         N/A       88%         4
 Passage of Golubria      Tloc           1%         N/A       88%         4
 Yara's Violent Unravell  Hex/Tmut       3%         3d4       96%         5


Dungeon Overview and Level Annotations

Branches:
Dungeon (3/15)

Altars:
Nemelex Xobeh
Sif Muna


Innate Abilities, Weirdness & Mutations

You cannot wear most types of armour.
You are amphibious.
You can wear up to eight rings at the same time.
Your skin changes colour to match your surroundings (Stealth+).
Your rubbery body absorbs attacks. (AC +1, EV +1)
((You are camouflaged when in or above water. (Stealth+)))
You have tentacles for arms and can constrict up to eight enemies at once.


Message History

The hobgoblin hits you.
* * * LOW HITPOINT WARNING * * *
Your magical contamination has completely faded away.
You completely miss the hobgoblin. The hobgoblin closely misses you.
You hit the hobgoblin.
The hobgoblin is poisoned.
The hobgoblin is almost dead.
You feel a bit better.
You kill the hobgoblin!
You bite the goblin!
You feel a bit better.
You kill the goblin!
You hit the wyvern skeleton.
The wyvern skeleton is moderately damaged.
You hiss as the wereblood boils in your veins!
The wyvern skeleton misses you.
You barely miss the ball python. The ball python closely misses you.
The ball python misses you.
You bite the ball python!
You feel a bit better.
You kill the ball python!
You bite the wyvern skeleton!
The wyvern skeleton is heavily damaged.
The wyvern skeleton bites you but does no damage.
You hit the wyvern skeleton.
The wyvern skeleton is severely damaged.
Your transformation has ended.
You tentacle-slap the endoplasm. Your squeeze misses the endoplasm.
The endoplasm is almost dead.
You tentacle-slap the endoplasm.
You feel a bit better.
You kill the endoplasm!
A worm comes into view.
You tentacle-slap the wyvern skeleton. You squeeze the wyvern skeleton.
The wyvern skeleton is almost destroyed.
The wyvern skeleton closely misses you.
You completely miss the wyvern skeleton.
The wyvern skeleton is almost destroyed.
The wyvern skeleton misses you.
You tentacle-slap the wyvern skeleton.
The wyvern skeleton is almost destroyed.
The wyvern skeleton bites you!
Ouch! That really hurt!
You die...

.#.#### #.# .# .#....#
#.## ..
.####.######..######.#..#
.###....................#
.....####.#######.####..#
.###.# #.## ##.# ..†..#
#..##+##..# .....#
#....#....# .....#
##......@## .....#
+.......Zw..# .##..#
##.......##..# ..##.#
##....#....##.#
..##.###...........# #
....................
.##..######.....###
.###.# +#...#+ .###.#
##.##


You could see a worm and a wyvern skeleton.

Vanquished Creatures
  Robin (D:3)
  An adder (D:3)
  2 worms (D:2)
  A dart slug (D:2)
  An orc (D:3)
  8 endoplasms
  14 goblins
  12 hobgoblins
  5 ball pythons
  6 bats
  3 frilled lizards
  5 kobolds
  3 rats
62 creatures vanquished.

Notes
Turn   | Place    | Note
-------+----------+-------------------------------------------
     0 | D:1      | ChaosChampion the Octopode Transmuter began the quest for
                  | the Orb.
     0 | D:1      | Reached XP level 1. HP: 13/13 MP: 3/3
   355 | D:1      | Reached XP level 2. HP: 18/18 MP: 3/5
  1558 | D:2      | Reached XP level 3. HP: 6/23 MP: 4/6
  1795 | D:2      | Learned a level 2 spell: Wereblood
  1799 | D:2      | Learned a level 3 spell: Spider Form
  1882 | D:2      | Reached skill level 4 in Unarmed Combat
  2527 | D:3      | Reached XP level 4. HP: 25/28 MP: 1/7
  2538 | D:3      | Noticed Robin
  3093 | D:3      | Killed Robin
  3220 | D:3      | Found a shimmering blue altar of Sif Muna.
  3404 | D:3      | Found a sparkling altar of Nemelex Xobeh.
  3477 | D:3      | Slain by a wyvern skeleton

Illustrated notes

Levels and vault maps discovered:
D:1:      dpeg_arrival_morbid_curiosity, layout_basic
D:2:      layout_basic
D:3:      layout_basic, nemelex_diamond_rough_becter, kennysheep_orc_sif_temple,
          minmay_pentangle, uniq_robin

Skill      XL: |  1  2  3  4 |
---------------+-------------+-----
Unarmed Combat | 4 |  4.7
Transmutations | 3 |  3.0
Fighting       | |  1.0
Dodging        | |  2.0
Spellcasting   | |  2.0

Action                   |  1- 3 |  4- 6 || total
-------------------------+-------+-------++-------
Melee: Unarmed           |    79 |    61 ||   140
       Constrict         |    19 |     8 ||    27
       Kick              |    12 |     6 ||    18
       Tentacles         |    15 |     6 ||    21
       Punch             |     2 |       ||     2
 Cast: Beastly Appendage |    18 |     5 ||    23
       Wereblood         |     2 |     1 ||     3
       Spider Form       |       |     3 ||     3
 Stab: Sleeping          |     5 |     1 ||     6
       Distracted        |       |     1 ||     1
Armor: Skin              |     6 |     4 ||    10
Dodge: Dodged            |    50 |    33 ||    83

Table legend: (Time is in decaauts)
 A = Elapsed time spent in this place.
 B = Non-inter-level travel time spent in this place.
 C = Inter-level travel time spent in this place.
 D = Time resting spent in this place.
 E = Time spent auto-exploring this place.
 F = Levels seen in this place.
 G = Mean time per level.
                   A        B        C        D        E       F      G
               +--------+--------+--------+--------+--------+-----+--------+
         Total |   3467 |   3378 |     89 |    545 |   2238 |   3 | 1155.7 |
       Dungeon |   3467 |   3378 |     89 |    545 |   2238 |   3 | 1155.7 |
               +--------+--------+--------+--------+--------+-----+--------+

Top non-repeatable levels by time:
     D:2: 1597 daAuts
     D:1: 1275 daAuts
     D:3: 594 daAuts
